 Dungeon Crawl Stone Soup version 0.29.0-4-gdea44cf6ec (webtiles) character file.

Game seed: 10580706146508581325

88 qw the Ruffian (level 4, -1/35 HPs)
             Began as a Ghoul Fire Elementalist on Aug 29, 2022.
             Slain by a gnoll
             ... wielding a +0 spear
              (5 damage)
             ... on level 3 of the Dungeon.
             The game lasted 00:02:13 (2824 turns).

qw the Ruffian (Ghoul Fire Elementalist)            Turns: 2824, Time: 00:02:14

Health: -1/35      AC:  8    Str: 13    XL:     4   Next: 53%
Magic:  5/5        EV: 10    Int: 10    God:
Gold:   73         SH:  0    Dex:  9    Spells: 5/6 levels left

rFire   . . .      SeeInvis .     - Unarmed
rCold   + . .      Faith    .   (no shield)
rNeg    + + +      Spirit   .   f - +0 ring mail
rPois   inf        Reflect  .   (no helmet)
rElec   .          Harm     .   j - +1 cloak
rCorr   .          Rampage  .   (no gloves)
Will    .....                   d - +0 pair of boots
Stlth   +.........              (no amulet)
HPRegen 0.00/turn               (no ring)
MPRegen 0.09/turn               (no ring)

@: inhibited regen
A: claws 1, cold resistance 1, negative energy resistance 3, inhibited
regeneration, torment resistance 2, devour on kill
a: no special abilities


You were on level 3 of the Dungeon.
You visited 1 branch of the dungeon, and saw 3 of its levels.

You collected 73 gold pieces.


Innate Abilities, Weirdness & Mutations

You are immune to poison.
You have sharp fingernails.
Your flesh is cold resistant. (rC+)
You are immune to negative energy. (rN+++)
You do not regenerate when monsters are visible.
You are immune to unholy pain and torment.
You thrive by killing the living.


   Skills:
 + Level 1.1 Fighting
 - Level 1.7 Dodging
 - Level 2.1 Stealth
 - Level 4.1 Unarmed Combat
 - Level 1.7 Spellcasting
 - Level 0.7 Conjurations
 - Level 2.4 Fire Magic


You had 5 spell levels left.
You knew the following spells:

 Your Spells              Type           Power      Damage    Failure   Level
a - Foxfire               Conj/Fire      16%        2x1d4     36%         1

Your spell library contained the following spells:

 Spells                   Type           Power      Damage    Failure   Level
 Scorch                   Fire           10%        2d6       36%         2
 Conjure Flame            Conj/Fire      4%         6-21      73%         3
 Inner Flame              Hex/Fire       3%         N/A       78%         3
 Flame Wave               Conj/Fire      4%         2d5       98%         4

Inventory:

Armour
 d - a +0 pair of boots (worn)
 f - a +0 ring mail (worn)
 j - a +1 cloak (worn)
Scrolls
 Y - a scroll of identify
Potions
 b - a potion of lignification {unknown}
 c - 3 potions of curing
 e - a potion of haste {unknown}
 h - a potion of resistance {unknown}

Dungeon Overview and Level Annotations

Branches:
Dungeon (3/15)

Altars:
Yredelemnul

Annotations:
D:2 1 runed translucent door, Crazy Yiuf


Message History

The gnoll hits you but does no damage. The gnoll closely misses you.
The adder barely misses you.
You scratch the adder.
The adder is severely wounded.
The adder bites you but does no damage.
The gnoll hits you from afar with a +0 spear!
The gnoll barely misses you.
You closely miss the adder.
The adder is severely wounded.
The adder closely misses you. The gnoll barely misses you.
The gnoll hits you from afar with a +0 halberd.
The adder barely misses you.
2818 ||| Stepping ~*~*~tactically~*~*~ (outnumbered).
You scratch the rat but do no damage. The rat bites you but does no damage.
You completely miss the adder.
The adder is severely wounded.
The adder bites you.
The gnoll hits you from afar with a +0 spear.
The rat closely misses you. The gnoll barely misses you.
You barely miss the adder.
The adder is severely wounded.
The adder closely misses you.
The gnoll hits you from afar with a +0 spear.
The gnoll closely misses you. The rat closely misses you.
You closely miss the adder.
The adder is severely wounded.
The adder barely misses you.
The gnoll hits you from afar with a +0 halberd.
The gnoll hits you from afar with a +0 spear.
The rat closely misses you. The adder closely misses you.
You closely miss the adder.
The adder is severely wounded.
The adder bites you but does no damage. The rat bites you but does no damage.
The gnoll barely misses you. x2
You miss the adder.
The adder is severely wounded.
The adder bites you but does no damage.
The gnoll hits you from afar with a +0 spear.
You die...

#.....#
..P.P.#
#.._..#
#.P.P.#
#.....#
#.#.#.#
#.<.#.#
####..<#.#
#@.......#
#rS777...#
#...gg7#
#7..#
........7
7..#
........7
7..#
.....##..
.... .....
#!. ...###
.... ...
...# ....
........#


You could see 2 gnolls, an adder and a rat.

Vanquished Creatures
  2 adders (D:2)
  A gnoll (D:3)
  2 worms (D:2)
  A dart slug (D:2)
  3 bats
  2 endoplasms
  A giant cockroach (D:1)
  3 goblins
  6 hobgoblins
  5 jackals
  A quokka (D:2)
  6 ball pythons
  5 frilled lizards
  7 kobolds (D:1)
  5 rats
50 creatures vanquished.

Notes
Turn   | Place    | Note
-------+----------+-------------------------------------------
     0 | D:1      | qw the Ghoul Fire Elementalist began the quest for the Orb.
     0 | D:1      | Reached XP level 1. HP: 14/14 MP: 2/2
     0 | D:1      | 0 ||| qw: Version: 0.1-a-90-g952f4b7
     0 | D:1      | 0 ||| qw: Game counter: 3969
     0 | D:1      | 0 ||| qw: Always use a shield: true
     0 | D:1      | 0 ||| qw: God list: Okawaru
     0 | D:1      | 0 ||| qw: Allow faded altars: false
     0 | D:1      | 0 ||| qw: Do Orc after D:15 true
     0 | D:1      | 0 ||| qw: Do second Lair branch before Depths: true
     0 | D:1      | 0 ||| qw: Lair rune preference: random
     0 | D:1      | 0 ||| qw: Plans: Normal
     0 | D:1      | 0 ||| PLANNING D:1-11
   157 | D:1      | Reached skill level 1 in Unarmed Combat
   248 | D:1      | Reached XP level 2. HP: 22/22 MP: 3/3
   248 | D:1      | 248 ||| Stepping ~*~*~tactically~*~*~ (stealth).
   258 | D:1      | Reached skill level 1 in Fighting
   312 | D:1      | 312 ||| Stepping ~*~*~tactically~*~*~ (stealth).
   313 | D:1      | 313 ||| Stepping ~*~*~tactically~*~*~ (stealth).
   502 | D:1      | 502 ||| Stepping ~*~*~tactically~*~*~ (stealth).
   927 | D:1      | Reached skill level 2 in Unarmed Combat
   996 | D:1      | 996 ||| Stepping ~*~*~tactically~*~*~ (stealth).
  1056 | D:1      | 1056 ||| Stepping ~*~*~tactically~*~*~ (stealth).
  1068 | D:1      | 1068 ||| Stepping ~*~*~tactically~*~*~ (stealth).
  1070 | D:1      | 1070 ||| Stepping ~*~*~tactically~*~*~ (stealth).
  1073 | D:1      | 1073 ||| Stepping ~*~*~tactically~*~*~ (stealth).
  1079 | D:1      | Reached XP level 3. HP: 14/28 MP: 4/4
  1085 | D:1      | 1085 ||| Stepping ~*~*~tactically~*~*~ (outnumbered).
  1089 | D:1      | HP: 6/28 [jackal (2)]
  1636 | D:1      | 1636 ||| UPGRADING to +0 pair of boots.
  1641 | D:1      | 1641 ||| UPGRADING to +0 ring mail.
  1651 | D:1      | 1651 ||| DROPPING +0 robe.
  1652 | D:1      | 1652 ||| UPGRADING to +1 cloak.
  1657 | D:1      | 1657 ||| READING 2 scrolls labelled ETOECW XEMM.
  1658 | D:1      | 1658 ||| READING 2 scrolls labelled LAS ENIOSK.
  1661 | D:1      | 1661 ||| READING 3 scrolls labelled URITAGR ROGUC.
  1662 | D:1      | 1662 ||| READING 2 scrolls of identify.
  1662 | D:1      | 1662 ||| IDENTIFYING purple potion
  1663 | D:1      | 1663 ||| DROPPING potion of magic.
  1664 | D:1      | 1664 ||| DROPPING scroll of blinking.
  1768 | D:2      | Found a faded altar of an unknown god.
  1812 | D:2      | Reached skill level 3 in Unarmed Combat
  1826 | D:2      | 1826 ||| Stepping ~*~*~tactically~*~*~ (stealth).
  1906 | D:2      | 1906 ||| READING scroll of teleportation.
  1907 | D:2      | 1907 ||| FLEEEEING.
  1908 | D:2      | 1908 ||| FLEEEEING.
  1909 | D:2      | 1909 ||| FLEEEEING.
  1910 | D:2      | 1910 ||| FLEEEEING.
  1983 | D:2      | Reached XP level 4. HP: 35/35 MP: 5/5
  2360 | D:2      | 2360 ||| FLEEEEING.
  2484 | D:2      | 2484 ||| Stepping ~*~*~tactically~*~*~ (stealth).
  2486 | D:2      | 2486 ||| Stepping ~*~*~tactically~*~*~ (stealth).
  2611 | D:2      | Found a runed translucent door.
  2612 | D:2      | Noticed Crazy Yiuf
  2711 | D:2      | 2711 ||| READING scroll of teleportation.
  2783 | D:3      | Found a basalt altar of Yredelemnul.
  2805 | D:3      | 2805 ||| Stepping ~*~*~tactically~*~*~ (hiding).
  2811 | D:3      | Reached skill level 4 in Unarmed Combat
  2818 | D:3      | 2818 ||| Stepping ~*~*~tactically~*~*~ (outnumbered).
  2821 | D:3      | HP: 8/35 [gnoll/+0 spear (2)]
  2824 | D:3      | Slain by a gnoll

Levels and vault maps discovered:
D:1:      sevenhm_arrival_forest_fort_small_1, layout_basic
D:2:      layout_basic, chequers_ecumenical_altar_simple, serial_glass,
          glass_columns_a, glass_columns_a, glass_columns_c, glass_columns_a,
          glass_columns_a, glass_columns_c, uniq_crazy_yiuf_cottage
D:3:      layout_basic, kennysheep_slug_shrine, yredelemnul_altar_generic,
          gammafunk_temple_overflow_pools, minmay_stone_trees_small,
          uniq_jessica

Skill      XL: |  1  2  3  4 |
---------------+-------------+-----
Unarmed Combat | 1 2 3 4 |  4.1
Fighting       | 1 |  1.1
Dodging        | |  1.7
Stealth        | |  2.1
Spellcasting   | |  1.7
Conjurations   | |  0.7
Fire Magic     | |  2.4

Action                   |  1- 3 |  4- 6 || total
-------------------------+-------+-------++-------
Melee: Unarmed           |   158 |    65 ||   223
       Punch             |     4 |     2 ||     6
  Use: Scroll            |     5 |     1 ||     6
Armor: Robe              |    14 |       ||    14
       Ring mail         |    15 |    29 ||    44
Dodge: Dodged            |    81 |    38 ||   119

Table legend:
 A = Non-vault XP
 B = Vault XP
 C = Vault XP percentage of total XP
 D = Non-vault monster count
 E = Vault monster count
 F = Vault count percentage of total count
                 A         B        C        D         E       F
            +---------+---------+-------+---------+---------+-------
      Total |     126 |       0 |   0.0 |      50 |       0 |   0.0
            +---------+---------+-------+---------+---------+-------
        D:1 |      45 |       0 |   0.0 |      29 |       0 |   0.0
        D:2 |      65 |       0 |   0.0 |      19 |       0 |   0.0
        D:3 |      16 |       0 |   0.0 |       2 |       0 |   0.0
            +---------+---------+-------+---------+---------+-------
